 Dungeon Crawl Stone Soup version 0.25-a0-566-g062765be81 (webtiles) character file.

Game seed: 13205098174203029556, levelgen mode: deterministic

1304 Flugslaktarn the Chopper (level 8, -1/73 HPs)
             Began as a Deep Dwarf Fighter on Feb 27, 2020.
             Slain by an orc warrior
             ... wielding a +0 dire flail
              (22 damage)
             ... on level 6 of the Dungeon.
             The game lasted 00:02:07 (2667 turns).

Flugslaktarn the Chopper (Deep Dwarf Fighter)       Turns: 2667, Time: 00:02:07

Health: -1/73      AC: 13    Str: 23    XL:     8   Next: 31%
Magic:  5/5        EV:  5    Int:  8    God:
Gold:   133        SH: 10    Dex: 12    Spells: 7/7 levels left

rFire    . . .     SeeInvis .   o - +4 hand axe
rCold    . . .     Gourm    .   c - +0 kite shield
rNeg     . . .     Faith    .   k - +0 plate armour (curse)
rPois    .         Spirit   .   (no helmet)
rElec    .         Reflect  .   p - +0 cloak
rCorr    .         Harm     .   (no gloves)
MR       +....                  (no boots)
Stlth    ..........             (no amulet)
HPRegen  0.00/turn              (no ring)
MPRegen  0.09/turn              (no ring)

@: non-regenerating
A: damage resistance, heal wounds, sense surroundings 1, no regeneration
a: Heal Wounds


You were on level 6 of the Dungeon.
You were not hungry.

You visited 2 branches of the dungeon, and saw 7 of its levels.

You collected 133 gold pieces.

Inventory:

Hand Weapons
 o - a +4 hand axe (weapon)
   (You took it off an orc on level 4 of the Dungeon)
Armour
 c - a +0 kite shield (worn)
 k - a cursed +0 plate armour (worn)
   (You found it on level 5 of the Dungeon)
 p - a +0 cloak (worn)
   (You found it on level 5 of the Dungeon)
Wands
 l - a wand of iceblast (5)
   (You found it on level 5 of the Dungeon)
Scrolls
 a - a scroll of amnesia {unknown}
 b - a scroll of enchant weapon
 f - a scroll of teleportation {unknown}
 r - 6 scrolls of identify
 s - a scroll of magic mapping {unknown}
Potions
 d - a potion of might
 g - a potion of flight
 h - a potion of heal wounds {unknown}
 i - a potion of mutation
 j - a potion of magic {unknown}
 m - a potion of cancellation {unknown}
 n - 4 potions of curing {unknown}
Comestibles
 e - a ration
 q - 19 chunks of flesh


   Skills:
 + Level 4.9 Fighting
 * Level 7.3 Axes
 + Level 5.9 Armour
 + Level 5.9 Shields


You had 7 spell levels left.
You didn't know any spells.
Your spell library was empty.

Dungeon Overview and Level Annotations

Branches:
Dungeon (6/15)             Temple (1/1) D:4

Altars:
Ashenzari
Cheibriados
Dithmenos
Fedhas
Gozag
Hepliaklqana
Kikubaaqudgha
Nemelex Xobeh
Qazlal
Trog
Uskayaw
Vehumet
Wu Jian
Xom
Yredelemnul
Zin
The Shining One


Innate Abilities, Weirdness & Mutations

You are resistant to damage.
You can heal yourself by infusing magical energy.
You passively map a small area around you.
You do not regenerate.


Message History

You hit the ogre. You hit the dart slug.
You kill the dart slug!
You block the ogre's attack.
Your shield and plate armour prevent you from hitting the ogre.
The ogre is severely wounded.
You slash the ogre!
Your shield and plate armour prevent you from hitting the orc warrior.
You block the orc warrior's attack. The ogre barely misses you.
The ogre hits you with a +0 giant club!!
* * * LOW HITPOINT WARNING * * *
You are too injured to fight recklessly!
You are too injured to fight recklessly!
You are too injured to fight recklessly!
You are too injured to fight recklessly!
You are too injured to fight recklessly!
You are too injured to fight recklessly!
You are too injured to fight recklessly!
You are too injured to fight recklessly!
The orc warrior hits you with a +0 dire flail!!
You die...

.................... , *
/.........#...#........ ,
......................... ,
..........#.#.##.#....... ,
...#####..........#.#... .
...>..........#........ .>
##.#..............#...# ... , ,
,#.#...(........#.#.#.#..# *
#.#........##..@O#......# *
#.#.###....##.O.o)......# ##.≈≈
#.#.# #....#######.#.#... ##≈w#≈
#.#.###....#......).......#≈≈≈≈≈
#.#........#............##.≈≈≈≈.
,##########.......w....# ≈≈≈≈≈≈
, '............# ≈≈≈≈≈≈
#..O<.......w.≈≈≈≈≈≈≈ ,, , *
...............≈≈≈≈≈≈


You could see an orc warrior and 2 ogres.

Vanquished Creatures
  An orc warrior (D:6)
  A sky beast (D:5)
  A phantom (D:4)
  An ogre (D:6)
  2 centaurs (D:5)
  A bullfrog (D:6)
  5 scorpions (D:4)
  2 crimson imps
  2 hounds
  A centaur skeleton (D:6)
  5 orc wizards
  3 worker ants
  A hound skeleton (D:5)
  5 adders
  An ooze (D:5)
  A dart slug (D:6)
  2 leopard geckos
  17 orcs
  2 giant cockroaches
  A goblin (D:3)
  2 jackals (D:3)
  4 quokkas
  2 bats (D:3)
  2 frilled lizards
  A jackal zombie (D:5)
  A kobold (D:3)
  4 rats
71 creatures vanquished.

Notes
Turn   | Place    | Note
-------+----------+-------------------------------------------
     0 | D:1      | Flugslaktarn the Deep Dwarf Fighter began the quest for the
                  | Orb.
     0 | D:1      | Reached XP level 1. HP: 20/20 MP: 1/1
    76 | D:2      | Noticed a worker ant
    90 | D:2      | Killed a worker ant
    90 | D:2      | Reached XP level 2. HP: 12/27 MP: 2/2
   168 | D:3      | Reached skill level 3 in Axes
   168 | D:3      | Reached XP level 3. HP: 29/33 MP: 2/2
   386 | D:3      | Reached XP level 4. HP: 36/42 MP: 3/3
   573 | D:4      | Reached skill level 4 in Axes
   573 | D:4      | Reached XP level 5. HP: 38/49 MP: 4/4
   624 | D:4      | Found a hazy altar of Hepliaklqana.
   681 | D:4      | Found a blossoming altar of Fedhas.
   738 | D:4      | Noticed a phantom
   806 | D:4      | Killed a phantom
   806 | D:4      | Reached XP level 6. HP: 39/56 MP: 4/4
   847 | D:4      | Found a staircase to the Ecumenical Temple.
   870 | Temple   | Entered the Ecumenical Temple
   988 | D:4      | Reached skill level 5 in Axes
  1138 | D:4      | Found an ancient bone altar of Kikubaaqudgha.
  1771 | D:5      | Entered Level 5 of the Dungeon
  1815 | D:5      | Reached XP level 7. HP: 52/64 MP: 4/4
  1853 | D:5      | Reached skill level 5 in Armour
  1853 | D:5      | Reached skill level 5 in Shields
  1856 | D:5      | Reached skill level 6 in Axes
  2552 | D:6      | Reached XP level 8. HP: 45/73 MP: 5/5
  2576 | D:6      | Reached skill level 7 in Axes
  2667 | D:6      | Slain by an orc warrior

Levels and vault maps discovered:
D:1:      onia_arrival_mini_maze_b, layout_basic, minmay_shallow_snake_nest
D:2:      layout_rooms
D:3:      layout_loops_ring
D:4:      layout_basic, kiku_gazebo_garden_becter, grunt_temple_overflow_open,
          minmay_temple_entry_grid, first_ration
D:5:      layout_loops_ring, serial_rivers, chequers_serial_rivers_micro_e,
          chequers_serial_rivers_small_a, chequers_serial_rivers_micro_a,
          chequers_serial_rivers_room_b, chequers_serial_rivers_room_b
D:6:      kennysheep_slugbush, layout_basic, lemuel_doored_altar,
          hangedman_decor_lopped
Temple:   zaba_magenta_temple

Skill      XL: |  1  2  3  4  5  6  7  8 |
---------------+-------------------------+-----
Axes           | 3 4 5 6 7 |  7.3
Fighting       | 3 4 |  4.9
Shields        | 4 5 |  5.9
Armour         | 4 5 |  5.9

Action                   |  1- 3 |  4- 6 |  7- 9 || total
-------------------------+-------+-------+-------++-------
Melee: War axe           |    77 |    33 |       ||   110
       Hand axe          |       |    96 |   125 ||   221
 Abil: Heal Wounds       |     1 |     2 |     7 ||    10
  Use: Scroll            |       |     6 |       ||     6
  Eat: Chunk             |       |     2 |     1 ||     3
       Ration            |       |     1 |       ||     1
Armor: Scale mail        |    40 |    40 |       ||    80
       Plate armour      |       |     2 |    70 ||    72
Dodge: Dodged            |    16 |    23 |    18 ||    57
Block: Kite shield       |    41 |    64 |    66 ||   171

Table legend:
 A = Non-vault XP
 B = Vault XP
 C = Vault XP percentage of total XP
 D = Non-vault monster count
 E = Vault monster count
 F = Vault count percentage of total count
                 A         B        C        D         E       F
            +---------+---------+-------+---------+---------+-------
      Total |    1860 |       4 |   0.2 |      70 |       1 |   1.4
            +---------+---------+-------+---------+---------+-------
        D:1 |       2 |       0 |   0.0 |       2 |       0 |   0.0
        D:2 |      33 |       0 |   0.0 |       2 |       0 |   0.0
        D:3 |     113 |       0 |   0.0 |      20 |       0 |   0.0
        D:4 |     574 |       0 |   0.0 |      18 |       0 |   0.0
        D:5 |     572 |       0 |   0.0 |      16 |       0 |   0.0
        D:6 |     566 |       4 |   0.7 |      12 |       1 |   7.7
            +---------+---------+-------+---------+---------+-------
